 Dungeon Sprint DCSS version 0.15-a0-110-gb05c47c (webtiles) character file.

219 BluebellGnoll the Unseen (level 5, 11/25 HPs)
             Began as a Spriggan Assassin on Apr 10, 2014.
             Was an Initiate of Vehumet.
             Quit the game in the Dungeon (Sprint IV: "Fedhas' Mad Dash").
             The game lasted 00:01:03 (181 turns).

BluebellGnoll the Unseen (Spriggan Assassin)         Turns: 181, Time: 00:01:04

HP  11/25        AC  3     Str  7      XL: 5   Next:  2%
MP   9/10        EV 17     Int 13      God: Vehumet [......]
Gold 79          SH  0     Dex 18      Spells:  0 memorised,  4 levels left

rFire  . . .     SeeInvis +     a - +2 dagger
rCold  . . .     Clarity  .     c - +0 robe
rNeg   . . .     Conserve .     (shield restricted)
rPois  .         rCorr    .     (helmet restricted)
rElec  .         rRot     .     d - +0 cloak
SustAb . .       Spirit   .     (gloves unavailable)
rMut   .         Warding  .     (boots unavailable)
Saprov . . .     NoTele   +     (no amulet)
MR     .....                    (no ring)
                                o - ring of invisibility

@: invisible (expiring), seriously poisoned, very slightly contaminated, very
quick, not resistant to hostile enchantments, extraordinarily stealthy
A: unfitting armour, see invisible, herbivore 3, speed 3, slow metabolism 2
a: Renounce Religion, Turn Visible


You were in the Dungeon.
You worshipped Vehumet.
Vehumet was noncommittal.
You were not hungry.

You visited 1 branch You collected 79 gold pieces.

Inventory:

Hand weapons
 a - a +2,+2 dagger (weapon)
 b - a +0 blowgun
Missiles
 e - 20 poisoned needles
 f - 2 curare-tipped needles
Armour
 c - a +0 robe (worn)
 d - a +0 cloak (worn)
Scrolls
 m - a scroll of blinking
 n - a scroll of identify {unknown}
Jewellery
 o - a ring of invisibility (left hand)
Potions
 g - a potion of porridge
 h - a potion of curing
 i - a potion of heal wounds
 j - a potion of haste
 k - 2 potions of magic
 l - a potion of berserk rage


   Skills:
 - Level 1.5 Fighting
 - Level 2.1 Short Blades
 - Level 2.1 Throwing
 - Level 1.5 Dodging
 + Level 15.4 Stealth


You had 4 spell levels left.
You didn't know any spells.

Dungeon Overview and Level Annotations

Branches:
Dungeon (1/1)

Altars:
Cheibriados
Dithmenos
Elyvilon
Kikubaaqudgha
Makhleb
Nemelex Xobeh
Okawaru
Sif Muna
Trog
Vehumet
Xom
Yredelemnul
Zin
The Shining One
Beogh
Jiyva
Lugonu


Innate Abilities, Weirdness & Mutations

You are tiny and cannot use many weapons and most armour.
You have supernaturally acute eyesight.
You are a herbivore.
You cover ground extremely quickly.
You need consume almost no food.


Message History

The queen bee is almost dead.
The killer bee closely misses you. The killer bee barely misses you.
The queen bee completely misses you.
You completely miss the queen bee.
The queen bee is almost dead.
The killer bee completely misses you. The killer bee stings you.
You hit the killer bee.
The killer bee is lightly wounded.
The killer bee barely misses you. The killer bee misses you.
The killer bee misses you. The killer bee closely misses you.
The killer bee barely misses you.
You hit the killer bee.
The killer bee is moderately wounded.
You flicker for a moment.
The killer bee stings you but does no damage.
The killer bee barely misses you. The killer bee stings you.
You are poisoned.
The killer bee poisons you!
Unknown command.
Are you sure you want to abandon this character and quit the game? (Confirm with "yes".)

#####################
#<..f#.....#.....#.⌠.
#ff..'.....'.#...'._.
#ffff#.....#.#%..#.._
###############'##._.
#k.k♣........'...#.⌠.
#k.k@..♣.....#...####
#...k.♣..♣..######
##+####+#####


You could see a queen bee (wandering) and 4 killer bees.

Vanquished Creatures
  A worker ant (D)
  3 oklob saplings (D)
  A green rat (D)
  A rat (D)
6 creatures vanquished.

Notes
Turn   | Place    | Note
--------------------------------------------------------------
     0 | D        | BluebellGnoll, the Spriggan Assassin, began the quest for the Orb.
     0 | D        | Reached XP level 1. HP: 10/10 MP: 2/2
     8 | D        | Reached skill level 8 in Stealth
     8 | D        | Reached XP level 2. HP: 14/14 MP: 4/4
    17 | D        | Noticed an oklob sapling
    19 | D        | Killed an oklob sapling
    19 | D        | Reached skill level 11 in Stealth
    19 | D        | Reached XP level 3. HP: 18/18 MP: 6/6
    21 | D        | Noticed a worker ant
    23 | D        | Killed a worker ant
    23 | D        | Reached skill level 12 in Stealth
    46 | D        | Found a snail-covered altar of Cheibriados.
    46 | D        | Found a glowing silver altar of Zin.
    46 | D        | Found a white marble altar of Elyvilon.
    46 | D        | Found a viscous altar of Jiyva.
    46 | D        | Found a radiant altar of Vehumet.
    46 | D        | Found a deep blue altar of Sif Muna.
    46 | D        | Found an ancient bone altar of Kikubaaqudgha.
    46 | D        | Found a bloodstained altar of Trog.
    46 | D        | Found a corrupted altar of Lugonu.
    46 | D        | Noticed an oklob sapling priest
    47 | D        | Found a glowing golden altar of the Shining One.
    48 | D        | Found a burning altar of Makhleb.
    48 | D        | Found a sparkling altar of Nemelex Xobeh.
    49 | D        | Found an iron altar of Okawaru.
    50 | D        | Found a shadowy altar of Dithmenos.
    50 | D        | Found a shimmering altar of Xom.
    51 | D        | Found a basalt altar of Yredelemnul.
    52 | D        | Found a roughly hewn altar of Beogh.
    53 | D        | Killed an oklob sapling priest
    53 | D        | Reached skill level 14 in Stealth
    53 | D        | Reached XP level 4. HP: 22/22 MP: 5/8
    55 | D        | Became a worshipper of Vehumet
    62 | D        | Noticed an oklob sapling
    65 | D        | Killed an oklob sapling
    65 | D        | Reached skill level 15 in Stealth
    65 | D        | Reached XP level 5. HP: 25/25 MP: 7/10
   167 | D        | Noticed a queen bee
   168 | D        | Noticed a killer bee
   169 | D        | Noticed a killer bee
   171 | D        | Noticed a killer bee
   171 | D        | Noticed a killer bee
   181 | D        | Quit the game

Action                   |  1- 3 |  4- 6 || total
-------------------------+-------+-------++-------
Melee: Dagger            |     5 |     8 ||    13
 Abil: Evoke Invisibilit |     1 |     1 ||     2
 Stab: Sleeping          |     5 |     1 ||     6
       Invisible         |       |     1 ||     1
